 Dungeon Crawl Stone Soup version 0.32-a0-473-gd044c6f0f0 (webtiles) character file.

Game seed: 16537642205081481590

9125 runemasterragnar the Carver (level 11, 0/90 HPs)
             Began as a Coglin Gladiator on Feb 25, 2024.
             Was an Elder of Kikubaaqudgha.
             Slain by a gnoll
             ... wielding a +0 spear
             ... led by a gnoll sergeant
              (7 damage)
             ... on level 11 of the Dungeon.
             The game lasted 00:12:49 (9433 turns).

runemasterragnar the Carver (Coglin Gladiator)      Turns: 9433, Time: 00:12:50

Health: 0/90       AC: 10    Str: 19    XL:     11   Next: 41%
Magic:  13/13      EV:  9    Int: 13    God:    Kikubaaqudgha [****..]
Gold:   715        SH:  0    Dex: 21    Spells: 1/13 levels left

rFire   + . .        s - +5 scimitar (heavy) {Minoru}
rCold   + . .        y - +3 long sword "Syud" {freeze, rCorr Int+5}
rNeg    . . .        m - +0 chain mail
rPois   +            c - +1 helmet
rElec   .            f - scarf of Paniuhil {rC+ rF+, rPois Dex+6}
rCorr   +            (no gloves)
SInv    .            (no boots)
Will    .....        (no amulet) Stlth
                     (ring unavailable)
HPRegen 0.35/turn    (ring unavailable)
MPRegen 0.13/turn

%: no passive effects
@: hasted, invisible, revving, very quick
A: off-hand wielding, slow wielding, warmup strikes, no rings
a: Renounce Religion, Unearth Wretches


You were on level 11 of the Dungeon.
You worshipped Kikubaaqudgha.
Kikubaaqudgha was greatly pleased with you.
You visited 1 branch of the dungeon, and saw 11 of its levels.

You collected 715 gold pieces.

Inventory:

Hand Weapons
 a - a +0 long sword of electrocution {Zorawar}
 i - a +2 dagger of holy wrath {Hidetaka}
 s - a +5 heavy scimitar (weapon) {Minoru}
 v - a +1 vampiric short sword
 w - a +1 dagger of protection {Edeltraud}
 y - the +3 long sword "Syud" (offhand) {freeze, rCorr Int+5}
   (You found it on level 8 of the Dungeon)

   Int+5:     It affects your intelligence (+5).
   rCorr:     It protects you from acid and corrosion.
 M - a -1 demon whip of venom
Missiles
 d - 4 throwing nets
 e - a javelin
 A - 14 boomerangs (quivered)
 B - 5 poisoned darts
Armour
 b - a +0 leather armour
 c - a +1 helmet (worn)
 f - the scarf of Paniuhil (worn) {rC+ rF+, rPois Dex+6}
   (You acquired it on level 5 of the Dungeon)

   Dex+6:     It affects your dexterity (+6).
   rPois:     It protects you from poison
 m - a +0 chain mail (worn)
 E - the +0 chain mail of Theory {Harm SInv}
   (You found it on level 5 of the Dungeon)

   SInv:      It lets you see invisible.
   Harm:      It increases damage dealt and taken.
 K - +0 steam dragon scales
Talismans
 D - a beast talisman
Wands
 n - a wand of roots (5)
 u - a wand of flame (46)
Scrolls
 o - 2 scrolls of noise
 p - 2 scrolls of teleportation
 t - 2 scrolls of immolation
 J - 2 scrolls of poison {unknown}
 L - a scroll of enchant armour
 N - 2 scrolls of identify
 O - a scroll of torment {unknown}
Potions
 g - 2 potions of curing
 h - 2 potions of enlightenment
 j - a potion of resistance
 k - a potion of haste
 l - 2 potions of magic
 q - a potion of attraction
 r - 2 potions of lignification
 x - 3 potions of cancellation
 z - a potion of berserk rage
 C - a potion of ambrosia
 F - a potion of degeneration
 G - a potion of invisibility
 I - a potion of mutation {unknown}
 P - 2 potions of brilliance {unknown}


   Skills:
 - Level 10.1 Fighting
 - Level 14.0 Long Blades
 - Level 1.7 Throwing
 - Level 2.6 Dodging
 + Level 1.8 Spellcasting
 * Level 3.4 Necromancy


You had one spell level left.
You knew the following spells:

 Your Spells              Type           Power      Damage    Failure   Level
a - Fugue of the Fallen   Necr           10%        N/A       88%         3
b - Anguish               Hex/Necr       2%         N/A       100%        4
c - Borgnjor's Vile Clut  Necr/Erth      2%         N/A       100%        5

Your spell library contained the following spells:

 Spells                   Type           Power      Damage    Failure   Level
 Necrotise                Necr           40%        1d6       54%         1
 Kiss of Death            Conj/Necr      20%        2d7       77%         1
 Magic Dart               Conj           4%         1d3       95%         1
 Sublimation of Blood     Necr           10%        N/A       67%         2
 Vampiric Draining        Necr           10%        2d6       88%         3
 Ensorcelled Hibernation  Hex/Ice        2%         N/A       98%         2
 Searing Ray              Conj           2%         2d4       98%         2
 Static Discharge         Conj/Air       2%         3-4/arc   98%         2
 Dazzling Flash           Conj/Hex       2%         N/A       100%        3
 Mephitic Cloud           Conj/Alch/Air  1%         N/A       100%        3
 Tukima's Dance           Hex            1%         N/A       100%        3
 Airstrike                Air            0%         2d(1-17)  100%        4
 Fulminant Prism          Conj/Alch      0%         3d5       100%        4
 Martyr's Knell           Necr/Summ      5%         N/A       100%        4
 Passage of Golubria      Tloc           1%         N/A       100%        4
 Summon Lightning Spire   Summ/Air       1%         N/A       100%        4
 Alistair's Intoxication  Alch           0%         N/A       100%        5
 Curse of Agony           Necr           10%        N/A       100%        5
 Silence                  Hex/Air        0%         N/A       100%        5
 Yara's Violent Unravell  Hex/Alch       0%         3d3       100%        5
 Eringya's Noxious Bog    Alch           0%         4d6       100%        6


Dungeon Overview and Level Annotations

Branches:
Dungeon (11/15)            Temple (0/1) D:6            Lair (0/5) D:10
    Orc (0/2) D:10

Altars:
Kikubaaqudgha
Okawaru
Ru

Shops:
D:8 :   D:9 :

Annotations:
D:6 2 transporters, DiddlyDoom's ghost, novice DrBe


Innate Abilities, Weirdness & Mutations

You can wield a second weapon in your off-hand.
It takes a long time for you to wield or remove held weapons.
Your first few attacks do less damage.
Your grasper-arms cannot wear rings.


Message History

You slice the electric eel with your +5 heavy scimitar!!
You kill the electric eel!
Kikubaaqudgha accepts your kill. Something hits you but does no damage.
The electric eel shoots out a bolt of lightning at you!
The bolt of electricity hits the water elemental.
The water elemental resists.
The bolt of electricity hits you!
The bolt of electricity hits something!
The gnoll barely misses you. The gnoll completely misses you.
You are too injured to fight recklessly!
Unknown command.
Okay, then.
Okay, then.
Okay, then.
Okay, then.
You feel yourself speed up. Something hits you. The water elemental hits you.
The electric eel shoots out a bolt of lightning at you!
The bolt of electricity hits the water elemental.
The water elemental resists.
The bolt of electricity hits you!
* * * LOW HITPOINT WARNING * * *
The gnoll hits you but does no damage.
The gnoll hits you from afar with a +4 halberd!
* * * LOW HITPOINT WARNING * * *
The gnoll hits you but does no damage.
Okay, then.
You feel much better. The water elemental misses you.
You fade into invisibility!
Something completely misses you.
The electric eel shoots out a bolt of lightning at you!
The bolt of electricity misses the water elemental.
The bolt of electricity hits you.
* * * LOW HITPOINT WARNING * * *
The bolt of electricity hits something!
The gnoll hits you from afar with a +0 spear.
* * * LOW HITPOINT WARNING * * *
The gnoll hits you from afar with a +4 halberd!
* * * LOW HITPOINT WARNING * * *
The gnoll hits you from afar with a +0 spear!
You die...
Kikubaaqudgha rasps: You have failed me!
Welcome... death!

.......########≈≈≈
#............≈≈≈≈≈≈≈≈≈≈≈
#...........~~≈≈≈≈≈≈≈≈≈≈
#............#≈≈≈≈≈≈≈≈≈≈
#............###≈≈≈≈≈≈≈≈
#.#####........#S≈≈≈≈≈≈≈
..# #...........≈≈≈≈≈≈
..# #..........~≈≈≈≈≈≈
.## #..††)..?.@E.≈≈S≈≈
.# #..........~g~S≈≈≈ .#
#.........ggg.~~≈~ .#
#...........g..... .#
#........###...### ##
#........# .....
#........# ......
########## ......


You could see a water elemental (unable to see you), a gnoll sergeant (unable to
see you), 3 electric eels and 4 gnolls.

Vanquished Creatures
  A two-headed ogre (D:9)
  Amaemon (D:10)
  An orange demon (D:10)
  2 kobold demonologists
  A komodo dragon (D:10)
  Grinder (D:6)
  2 ynoxinuls (D:9)
  Sigmund (D:6)
  2 wyverns
  14 yaks
  2 steam dragons (D:9)
  A water moccasin (D:9)
  Duvessa (D:6)
  A sky beast (D:8)
  5 orc warriors
  2 black bears
  An ogre (D:5)
  A centaur (D:6)
  A phantom (D:4)
  5 bullfrogs
  A scorpion (D:10)
  7 wights (D:7)
  Dowan (D:6)
  6 killer bees (D:8)
  6 howler monkeys
  2 electric eels
  A bombardier beetle (D:6)
  5 hounds
  A jelly (D:5)
  9 orc priests
  2 gnoll boudas
  4 iguanas
  3 sleepcaps
  11 orc wizards
  4 adders
  15 gnolls
  A shadow imp (D:5)
  A white imp (D:8)
  10 ufetubi
  2 dart slugs
  4 ribbon worms
  28 orcs
  7 ball pythons
  4 endoplasms
  2 giant cockroaches
  9 goblins
  6 hobgoblins
  7 kobolds
  2 quokkas
  7 bats
  4 frilled lizards
  A rat (D:2)
219 creatures vanquished.

Vanquished Creatures (others)
  An orc wizard (D:6)
1 creature vanquished.

Grand Total: 220 creatures vanquished

Notes
Turn   | Place    | Note
-------+----------+-------------------------------------------
     0 | D:1      | runemasterragnar the Coglin Gladiator began the quest for
                  | the Orb.
     0 | D:1      | Reached XP level 1. HP: 16/16 MP: 1/1
   101 | D:1      | Reached XP level 2. HP: 19/22 MP: 2/2
   589 | D:1      | Reached XP level 3. HP: 28/28 MP: 3/3
  1189 | D:2      | Reached skill level 4 in Long Blades
  1215 | D:2      | Reached XP level 4. HP: 28/34 MP: 4/4
  1832 | D:2      | Found a faded altar of an unknown god.
  2048 | D:2      | Prayed at the altar of an unknown god.
  2048 | D:2      | Became a worshipper of Kikubaaqudgha
  2048 | D:2      | Reached * piety under Kikubaaqudgha
  2048 | D:2      | Received a gift from Kikubaaqudgha
  2053 | D:2      | Learned a level 3 spell: Fugue of the Fallen
  2300 | D:3      | Reached skill level 5 in Long Blades
  2300 | D:3      | Reached XP level 5. HP: 31/41 MP: 5/5
  2910 | D:4      | Reached XP level 6. HP: 35/48 MP: 6/6
  3076 | D:4      | Reached skill level 6 in Long Blades
  3420 | D:4      | Reached ** piety under Kikubaaqudgha
  3421 | D:4      | Reached XP level 7. HP: 18/55 MP: 7/7
  4022 | D:5      | Entered Level 5 of the Dungeon
  4469 | D:5      | Identified the +0 chain mail of Theory {Harm SInv}
  4613 | D:5      | Reached skill level 7 in Long Blades
  4723 | D:5      | Identified 2 scrolls of acquirement
  4726 | D:5      | Acquired the scarf of Paniuhil {rC+ rF+, rPois Dex+6}
  4733 | D:5      | Acquired a +5 heavy scimitar
  4759 | D:6      | Found a transporter.
  4765 | D:6      | Found a transporter.
  4767 | D:6      | Noticed DiddlyDoom's ghost (novice DrBe)
  4768 | D:6      | Noticed Duvessa
  4783 | D:6      | Killed Duvessa
  4784 | D:6      | Reached skill level 5 in Fighting
  4784 | D:6      | Noticed Dowan
  4794 | D:6      | Killed Dowan
  4854 | D:6      | Reached XP level 8. HP: 63/63 MP: 8/8
  4887 | D:6      | Noticed Sigmund
  4891 | D:6      | Reached skill level 8 in Long Blades
  4910 | D:6      | Killed Sigmund
  5235 | D:6      | Found a sacrificial altar of Ru.
  5235 | D:6      | Found an iron altar of Okawaru.
  5273 | D:6      | Found a staircase to the Ecumenical Temple.
  5282 | D:6      | Noticed Grinder
  5285 | D:6      | Killed Grinder
  5286 | D:6      | Reached skill level 9 in Long Blades
  5694 | D:7      | Noticed a wyvern
  5698 | D:7      | Killed a wyvern
  5699 | D:7      | Reached XP level 9. HP: 49/71 MP: 9/9
  5889 | D:7      | Reached skill level 10 in Long Blades
  6003 | D:7      | Reached skill level 11 in Long Blades
  6324 | D:8      | Reached *** piety under Kikubaaqudgha
  6324 | D:8      | Received a gift from Kikubaaqudgha
  6456 | D:8      | Reached XP level 10. HP: 67/80 MP: 10/10
  6615 | D:8      | Found Xifub's Book Shop.
  6829 | D:8      | Identified the +3 long sword "Syud" {freeze, rCorr Int+5}
  7211 | D:9      | You fall into a shaft and drop 1 floor!
  7211 | D:10     | Entered Level 10 of the Dungeon
  7275 | D:10     | Reached skill level 12 in Long Blades
  7584 | D:10     | Noticed an orange demon
  7593 | D:10     | Noticed Amaemon
  7596 | D:10     | Killed an orange demon
  7606 | D:10     | Killed Amaemon
  7607 | D:10     | Reached skill level 13 in Long Blades
  7702 | D:10     | Found a staircase to the Orcish Mines.
  7703 | D:10     | Reached **** piety under Kikubaaqudgha
  7724 | D:10     | Reached XP level 11. HP: 35/90 MP: 11/11
  8067 | D:10     | Found a staircase to the Lair.
  8069 | D:10     | Reached skill level 10 in Fighting
  8512 | D:9      | Reached skill level 14 in Long Blades
  8768 | D:9      | Found Ruwi's Book Shoppe.
  8869 | D:9      | Reached skill level 1 in Necromancy
  8983 | D:9      | Noticed a two-headed ogre
  8988 | D:9      | Killed a two-headed ogre
  8989 | D:9      | Reached skill level 1 in Spellcasting
  9341 | D:9      | Learned a level 4 spell: Anguish
  9347 | D:9      | Learned a level 5 spell: Borgnjor's Vile Clutch
  9433 | D:11     | Slain by a gnoll

Illustrated notes

Levels and vault maps discovered:
D:1:      grunt_arrival_lava_bath, layout_basic
D:2:      layout_basic, dilly_ecumenical_altar_fadedgnrine
D:3:      layout_loops_ring, nicolae_twisty_statue_hallways
D:4:      layout_loops_cross, nicolae_wormholes
D:5:      layout_cave_pools, bh_walls_and_bars
D:6:      layout_loops_cross, gammafunk_temple_overflow_statue,
          minmay_temple_entry_steel_oval, gammafunk_ghost_arena, uniq_duvessa,
          uniq_sigmund, uniq_grinder
D:7:      layout_rooms, nicolae_houndstooth_variations
D:8:      hellmonk_ruined_rings, layout_loops_cross, serial_shops, shop
D:9:      layout_stronghold, serial_shops, nicolae_shop_stone, nicolae_fort_ynox
D:10:     layout_grid_maze, grunt_lair_entry_orc_guard_hut, david_orc_3,
          minmay_holes, uniq_amaemon
D:11:     layout_basic

Skill      XL: |  1  2  3  4  5  6  7  8  9 10 11 |
---------------+----------------------------------+-----
Long Blades    | 4 5 6 7 9 11 13 14 | 14.0
Fighting       | 3 4 5 6 8 9 10 | 10.1
Necromancy     | 3 |  3.4
Spellcasting   | 1 |  1.8
Throwing       | |  1.7
Dodging        | |  2.6

Action                     |  1- 3 |  4- 6 |  7- 9 | 10-12 || total
---------------------------+-------+-------+-------+-------++-------
  Melee: Long sword        |    72 |   122 |    39 |    97 ||   330
         Dagger            |    17 |   107 |   138 |    25 ||   287
         Scimitar          |       |       |   121 |   142 ||   263
    Use: Potion            |       |     3 |       |     4 ||     7
         Scroll            |       |       |    18 |     3 ||    21
 Armour: Leather armour    |    23 |       |       |       ||    23
         Chain mail        |    24 |    67 |   142 |   211 ||   444
         Skin              |       |    12 |       |       ||    12
  Dodge: Dodged            |    57 |    40 |    52 |    92 ||   241

Table legend: (Time is in decaauts)
 A = Elapsed time spent in this place.
 B = Non-inter-level travel time spent in this place.
 C = Inter-level travel time spent in this place.
 D = Time resting spent in this place.
 E = Time spent auto-exploring this place.
 F = Levels seen in this place.
 G = Mean time per level.
                   A        B        C        D        E       F      G
               +--------+--------+--------+--------+--------+-----+--------+
         Total |   9424 |   8964 |    460 |    238 |   7429 |  11 |  856.7 |
       Dungeon |   9424 |   8964 |    460 |    238 |   7429 |  11 |  856.7 |
               +--------+--------+--------+--------+--------+-----+--------+

Top non-repeatable levels by time:
    D:10: 1158 daAuts
     D:4: 1123 daAuts
     D:1: 1123 daAuts
     D:9: 1095 daAuts
     D:2: 963 daAuts
     D:6: 849 daAuts
     D:8: 818 daAuts
     D:3: 816 daAuts
     D:5: 729 daAuts
     D:7: 707 daAuts
    D:11: 39 daAuts
